 Dungeon Crawl Stone Soup version 0.21.1-1-g345015f (webtiles) character file.

116 diana the Skirmisher (level 4, -4/40 HPs)
             Began as a Minotaur Fighter on June 6, 2018.
             Killed from afar by tidbits's ghost (13 damage)
             ... with a spray of energy
             ... on level 3 of the Dungeon.
             The game lasted 00:01:43 (1967 turns).

diana the Skirmisher (Minotaur Fighter)             Turns: 1967, Time: 00:01:43

Health: -4/40      AC:  7    Str: 21    XL:     4   Next: 70%
Magic:  3/3        EV:  8    Int:  5    God:
Gold:   74         SH:  0    Dex: 10    Spells: 3/3 levels left

rFire    . . .     SeeInvis .   a - +0 long sword
rCold    . . .     Gourm    .   c - +0 shield
rNeg     . . .     Faith    .   b - +0 scale mail
rPois    .         Spirit   .   (helmet restricted)
rElec    .         Reflect  .   (no cloak)
rCorr    .         Harm     .   (no gloves)
MR       .....                  (no boots)
Stlth    ..........             (no amulet)
HPRegen  0.13/turn              (no ring)
MPRegen  0.08/turn              (no ring)

@: confused, glowing
A: retaliatory headbutt, horns 2
a: no special abilities


You were on level 3 of the Dungeon.
You were hungry.

You visited 1 branch of the dungeon, and saw 3 of its levels.

You collected 74 gold pieces.

Inventory:

Hand Weapons
 a - a +0 long sword (weapon)
Missiles
 p - a throwing net (quivered)
Armour
 b - a +0 scale mail (worn)
 c - a +0 shield (worn)
Jewellery
 m - a +3 ring of intelligence {unknown}
 q - a cursed -2 ring of intelligence {unknown}
Wands
 s - a wand of paralysis (9)
Scrolls
 e - a scroll of identify {unknown}
 g - a scroll of fog {unknown}
 h - 2 scrolls of amnesia {unknown}
 i - a scroll of immolation {unknown}
 j - a scroll of fear {unknown}
 l - a scroll of magic mapping {unknown}
 t - a scroll of remove curse {unknown}
Potions
 d - 3 potions of might
 k - 2 potions of agility {unknown}
 n - a potion of degeneration {unknown}
 o - a potion of haste {unknown}
 r - a potion of lignification {unknown}
Comestibles
 f - 6 rations


   Skills:
 + Level 4.2 Fighting
 * Level 4.2 Long Blades
 + Level 4.2 Armour
 + Level 1.4 Dodging
 + Level 4.2 Shields


You had 3 spell levels left.
You didn't know any spells.

Dungeon Overview and Level Annotations

Branches:
Dungeon (3/15)

Altars:
Okawaru

Annotations:
D:3 tidbits's ghost, amateur GnEn


Innate Abilities, Weirdness & Mutations

You reflexively headbutt those who attack you in melee.
You have a pair of horns on your head.


Message History

Tidbits's ghost is heavily damaged.
Tidbits's ghost hits you but does no damage.
You barely miss tidbits's ghost. You headbutt tidbits's ghost!
Tidbits's ghost is almost destroyed.
Tidbits's ghost completely misses you.
A bat comes into view.
You closely miss tidbits's ghost. Your headbutt misses tidbits's ghost.
Tidbits's ghost is almost destroyed.
Tidbits's ghost hits you.
Tidbits's ghost points at you and mumbles some strange words.
The spray of energy hits you!
You are more confused.
Tidbits's ghost points at you and mumbles some strange words.
The spray of energy hits you!
* * * LOW HITPOINT WARNING * * *
You're too confused to move!
Tidbits's ghost whispers, "Death is liberation."
Tidbits's ghost gestures at you while chanting.
The spray of energy hits you!
You die...

#.#.)##.#
#.......#
###..#### #..#
#..# #..# #..#
..%#.#####..#####
#...bW.@...[.....
#.#.#####..######
...# ###.# #.#
#.# .#


You could see tidbits's ghost and a bat.

Vanquished Creatures
  5 adders (D:2)
  An ooze (D:3)
  2 dart slugs
  5 leopard geckos
  2 orcs (D:2)
  A ball python (D:3)
  A giant cockroach (D:2)
  3 goblins
  6 hobgoblins
  6 jackals
  8 kobolds
  4 bats
  A frilled lizard (D:1)
  10 rats
55 creatures vanquished.

Notes
Turn   | Place    | Note
-------+----------+-------------------------------------------
     0 | D:1      | diana the Minotaur Fighter began the quest for the Orb.
     0 | D:1      | Reached XP level 1. HP: 19/19 MP: 0/0
   132 | D:1      | Reached XP level 2. HP: 23/27 MP: 1/1
   786 | D:2      | Reached XP level 3. HP: 33/33 MP: 2/2
   858 | D:2      | Found an iron altar of Okawaru.
   923 | D:2      | Reached skill level 1 in Dodging
  1261 | D:2      | Reached XP level 4. HP: 18/40 MP: 3/3
  1945 | D:3      | Noticed tidbits's ghost (amateur GnEn)
  1967 | D:3      | Killed from afar by tidbits's ghost

Skill      XL: |  1  2  3  4 |
---------------+-------------+-----
Long Blades    | 3 4 |  4.2
Fighting       | 4 |  4.2
Armour         | 4 |  4.2
Dodging        | 1 |  1.4
Shields        | 4 |  4.2

Action                   |  1- 3 |  4- 6 || total
-------------------------+-------+-------++-------
Melee: Long sword        |   107 |    45 ||   152
       Headbutt          |    13 |     6 ||    19
  Eat: Chunk             |       |     3 ||     3
Armor: Scale mail        |    57 |    14 ||    71
Dodge: Dodged            |    34 |    12 ||    46
Block: Shield            |    61 |    18 ||    79
       Rpst.: Long sword |    11 |     3 ||    14
